 Dungeon Crawl Stone Soup version 0.29-a0-559-g359e09b (webtiles) character file.

Game seed: 1995740270212758803

23 Illumine the Shield-Bearer (level 3, 0/31 HPs)
             Began as a Meteoran Fighter on June 9, 2022.
             Killed by nerve-wracking pain
             ... invoked by an orc priest
              (4 damage)
             ... on level 4 of the Dungeon.
             The game lasted 00:01:28 (630 turns).

Illumine the Shield-Bearer (Meteoran Fighter)        Turns: 630, Time: 00:01:28

Health: 0/31       AC:  6    Str: 19    XL:     3   Next: 29%
Magic:  4/4        EV:  9    Int:  9    God:
Gold:   82         SH:  5    Dex: 14    Spells: 2/2 levels left

rFire   . . .      SeeInvis .   a - +0 war axe
rCold   . . .      Faith    .   c - +0 buckler
rNeg    . . .      Spirit   .   b - +0 scale mail
rPois   .          Reflect  .   (no helmet)
rElec   .          Harm     .   (no cloak)
rCorr   .          Rampage  .   (no gloves)
Will    .....                   (no boots)
Stlth   ..........              (no amulet)
HPRegen 0.10/turn               (no ring)
MPRegen 0.09/turn               (no ring)

@: glowing
A: sense surroundings 1, otherworldly, glowing, explore regen
a: no special abilities


You were on level 4 of the Dungeon.
You visited 1 branch of the dungeon, and saw 4 of its levels.

You collected 82 gold pieces.

Inventory:

Hand Weapons
 a - a +0 war axe (weapon)
Armour
 b - a +0 scale mail (worn)
 c - a +0 buckler (worn)
Scrolls
 e - a scroll of blinking
 g - a scroll of immolation {unknown}
 h - a scroll of identify {unknown}
Potions
 d - a potion of might
 f - 2 potions of cancellation {unknown}
 i - a potion of heal wounds {unknown}
 j - 3 potions of flight {unknown}


   Skills:
 + Level 3.6 Fighting
 * Level 3.3 Axes
 - Level 3.6 Armour
 + Level 4.0 Shields


You had 2 spell levels left.
You didn't know any spells.
Your spell library contained the following spells:

 Spells                   Type           Power      Damage    Failure   Level
 Ozocubu's Armour         Ice            0%         N/A       99%         3
 Ozocubu's Refrigeration  Ice            0%         4d5       100%        7


Dungeon Overview and Level Annotations

Branches:
Dungeon (4/15)
 Temple: D:4-7

Altars:


Innate Abilities, Weirdness & Mutations

You passively map a small area around you.
You are easily found by Zot.
You glow in the dark.
You regain HP and MP as you explore.


Message History

You hit the orc but do no damage. The orc hits you but does no damage.
You hit the orc.
The orc is almost dead.
The orc priest calls down the wrath of Beogh upon you.
Beogh smites you! The orc hits you but does no damage.
You block the orc's attack.
Unknown command.
The orc priest mumbles some strange prayers to Beogh against you.
Beogh smites you!
* * * LOW HITPOINT WARNING * * *
You block the orc's attack.
You climb upwards.
There is a stone staircase leading down here.
Unknown command.
You hit the orc.
You kill the orc!
You start waiting.
You start waiting.
You climb downwards.
The orc priest invokes the aid of Beogh against you.
Beogh smites you!
There is a stone staircase leading up here.
The orc priest closely misses you. You block the orc's attack.
Things that are here:
a +0 mace; an orc skeleton You barely miss the orc priest.
You hit the orc.
The orc priest invokes the aid of Beogh against you.
Beogh smites you! The orc hits you with a +0 whip.
* * * LOW HITPOINT WARNING * * *
The orc priest begins to cast a cantrip, but forgets the words!
The orc hits you but does no damage.
You barely miss the orc priest. You hit the orc but do no damage.
The orc priest begins to cast a cantrip, but forgets the words!
The orc hits you with a +0 whip.
* * * LOW HITPOINT WARNING * * *
You hit the orc priest but do no damage.
You barely miss the orc.
The orc priest invokes the aid of Beogh against you.
Pain shoots through your body!
You die...

, , , , , , , ,
, * ,, * , ***
###*,, , ..
.##+#####.# *, ,
,
.......<#o###...
, ,
,......##@...?#*
,, , .....
#.o##(# * ....
#..# * , ...,
....* .. ,
....., # * *
#...... ,
#.....## , , * *
..#####


You could see an orc priest and an orc.

Vanquished Creatures
  3 orcs
  2 ball pythons (D:2)
  A bat (D:1)
  3 endoplasms
  A goblin (D:1)
  3 hobgoblins
  A quokka (D:2)
  3 rats
17 creatures vanquished.

Notes
Turn   | Place    | Note
-------+----------+-------------------------------------------
     0 | D:1      | Illumine the Meteoran Fighter began the quest for the Orb.
     0 | D:1      | Reached XP level 1. HP: 19/19 MP: 2/2
   113 | D:2      | Reached XP level 2. HP: 26/26 MP: 3/3
   273 | D:3      | Reached XP level 3. HP: 22/31 MP: 4/4
   418 | D:4      | Reached skill level 4 in Shields
   630 | D:4      | Killed from afar by an orc priest

Illustrated notes

Levels and vault maps discovered:
D:1:      dpeg_arrival_boxes_within_box, layout_rooms
D:2:      layout_basic, basic_altar, grunt_decor_one_mirror, uniq_natasha,
          uniq_robin
D:3:      layout_basic, wander_ebering_terrifying_dragon_lair, uniq_jessica
D:4:      layout_basic, minmay_misc_feat_room, nicolae_elevator_lobby_asterisk

Skill      XL: |  1  2  3 |
---------------+----------+-----
Axes           | 3 |  3.3
Shields        | 4 |  4.0
Fighting       | |  3.6
Armour         | |  3.6

Action                   || total
-------------------------++-------
Melee: War axe           ||    54
  Use: Scroll            ||     1
Armor: Scale mail        ||    22
Dodge: Dodged            ||    20
Block: Buckler           ||    13

Table legend: (Time is in decaauts)
 A = Elapsed time spent in this place.
 B = Non-inter-level travel time spent in this place.
 C = Inter-level travel time spent in this place.
 D = Time resting spent in this place.
 E = Time spent auto-exploring this place.
 F = Levels seen in this place.
 G = Mean time per level.
                   A        B        C        D        E       F      G
               +--------+--------+--------+--------+--------+-----+--------+
         Total |    651 |    651 |      0 |    271 |     82 |   4 |  162.8 |
       Dungeon |    651 |    651 |      0 |    271 |     82 |   4 |  162.8 |
               +--------+--------+--------+--------+--------+-----+--------+

Top non-repeatable levels by time:
     D:3: 408 daAuts
     D:1: 155 daAuts
     D:2: 70 daAuts
     D:4: 17 daAuts
